 Dungeon Sprint DCSS version 0.25-a0-513-ge77a69270c (webtiles) character file.

Game seed: 1876586371796733939, levelgen mode: deterministic

6959 MordorOrchid the Grappler (level 10, -4/91 HPs)
             Began as a Minotaur Transmuter on Feb 16, 2020.
             Was a High Priest of Sif Muna.
             Killed by divine providence
             ... invoked by an orc priest
              (14 damage)
             ... in the Dungeon (Sprint IX: "|||||||||||||||||||||||||||||").
             The game lasted 00:16:35 (1755 turns).

MordorOrchid the Grappler (Minotaur Transmuter)     Turns: 1755, Time: 00:16:36

Health: -4/91      AC: 15    Str: 15    XL:     10   Next: 81%
Magic:  18/18      EV:  9    Int: 16    God:    Sif Muna [*****.]
Gold:   9          SH:  0    Dex: 14    Spells: 8/21 levels left

rFire    . . .     SeeInvis .     - Unarmed
rCold    . . .     Gourm    .   (no shield)
rNeg     . . .     Faith    .   g - +0 plate armour
rPois    .         Spirit   .   (helmet restricted)
rElec    .         Reflect  .   (no cloak)
rCorr    .         Harm     .   b - +0 pair of gloves
MR       .....     NoTele   +   (boots currently unavailable)
Stlth    ..........             (no amulet)
HPRegen  0.25/turn              r - +3 ring of dexterity
MPRegen  0.16/turn              q - +3 ring of intelligence

@: appendage
A: retaliatory headbutt, horns 2, talons 3
a: End Transformation, Channel Magic, Forget Spell, Divine Exegesis, Renounce
Religion


You were in the Dungeon.
You worshipped Sif Muna.
Sif Muna was extremely pleased with you.
You were not hungry.
You had grown temporary talons.
You visited 1 branch You collected 9 gold pieces.

Inventory:

Hand Weapons
 n - a +2 morningstar of protection
 o - a +2 rapier of electrocution
 p - a +2 scimitar of flaming
Missiles
 a - 5 arrows
Armour
 b - a +0 pair of gloves (worn)
 g - a +0 plate armour (worn)
 v - a +0 leather armour of positive energy
Magical Staves
 m - an uncursed staff of energy
Jewellery
 q - a +3 ring of intelligence (right hand)
 r - a +3 ring of dexterity (left hand)
Wands
 l - a wand of iceblast (6)
Scrolls
 i - 5 scrolls of remove curse
 j - 2 scrolls of blinking
 k - 2 scrolls of amnesia
 w - 3 scrolls of enchant armour
 x - 4 scrolls of enchant weapon
Potions
 e - 5 potions of curing
 f - 2 potions of heal wounds
 h - 4 potions of magic
 s - a potion of resistance
 t - a potion of haste
 u - 3 potions of mutation
Comestibles
 d - 12 rations


   Skills:
 - Level 9.4 Fighting
 + Level 10.0 Armour
 - Level 11.0 Dodging
 - Level 13.1 Unarmed Combat
 - Level 6.0 Spellcasting
 - Level 3.4 Conjurations
 - Level 7.0 Transmutations
 - Level 5.0 Ice Magic
 - Level 3.4 Air Magic
 - Level 2.6 Poison Magic
 - Level 6.9 Invocations
 - Level 6.1 Evocations


You had 8 spell levels left.
You knew the following spells:

 Your Spells              Type           Power        Failure   Level  Hunger
a - Beastly Appendage     Tmut           ####..       28%         1    None
b - Spider Form           Tmut/Pois      ###.......   91%         3    ##.....
c - Ice Form              Ice/Tmut       ###.....     99%         4    ####...
g - Mephitic Cloud        Conj/Pois/Air  ###.....     99%         3    ##.....
s - Sticks to Snakes      Tmut           ####....     41%         2    #......

Your spell library contained the following spells:

 Spells                   Type           Power        Failure   Level  Hunger
 Foxfire                  Conj/Fire      ##..         94%         1    None
 Swiftness                Chrm/Air       ##......     98%         2    #......
 Static Discharge         Conj/Air       ###.....     98%         3    ##.....
 Apportation              Tloc           #.....       99%         1    None
 Call Imp                 Summ           #.......     100%        2    #......
 Call Canine Familiar     Summ           #.......     100%        3    ##.....
 Portal Projectile        Hex/Tloc       #.....       100%        3    ##.....
 Blade Hands              Tmut           ####......   100%        5    ######.
 Bolt of Magma            Conj/Fire/Erth #.........   100%        5    ######.
 Shadow Creatures         Summ           N/A          100%        6    #######
 Spellforged Servitor     Conj/Summ      ##........   100%        7    #######


Dungeon Overview and Level Annotations

Branches:
Dungeon (1/1)

Altars:
Cheibriados
Dithmenos
Elyvilon
Fedhas
Gozag
Hepliaklqana
Kikubaaqudgha
Makhleb
Nemelex Xobeh
Okawaru
Qazlal
Ru
Sif Muna
Trog
Uskayaw
Vehumet
Wu Jian
Xom
Yredelemnul
Zin
The Shining One
Beogh
Jiyva
Lugonu


Innate Abilities, Weirdness & Mutations

You reflexively headbutt those who attack you in melee.
You have a pair of horns on your head.
You have claws for feet.


Message History

The orc warrior hits you with a +0 battleaxe!!
You completely miss the orc warrior.
The orc priest mumbles some strange prayers to Beogh against you.
Beogh smites you!
* * * LOW HITPOINT WARNING * * *
You hear a shout!
You hit the orc warrior but do no damage.
You claw the orc warrior, but do no damage.
Your headbutt misses the orc warrior. The orc warrior misses you.
The orc warrior hits you with a +0 battleaxe!
* * * LOW HITPOINT WARNING * * *
You hit the orc warrior but do no damage.
Your headbutt misses the orc warrior.
The orc warrior hits you from afar with a +0 trident.
* * * LOW HITPOINT WARNING * * *
Unknown command.
Okay, then.
The orc priest calls down the wrath of Beogh upon you.
Beogh smites you!
You die...

▓▓▓▓▓▓▓▓▓▓▓▓▓▓▓▓▓▓▓▓▓▓▓▓▓
▓.............:)@o)oo.oo.
▓.▓▓▓▓▓▓▓▓▓▓▓▓▓▓▓▓▓▓▓▓▓▓▓▓▓▓▓▓▓▓▓
▓................................
▓▓▓▓▓▓▓▓▓▓▓▓▓▓▓▓▓▓▓▓▓▓▓▓▓▓▓▓▓▓▓▓▓
▓.......'.....[.).....'........['
▓.▓▓▓▓▓▓▓▓▓▓▓▓▓▓▓▓▓▓▓▓▓▓▓▓▓▓▓▓▓▓▓
▓................................
▓▓▓▓▓▓▓▓▓▓▓▓▓▓▓▓▓▓▓▓▓▓▓▓▓▓▓▓▓▓▓▓▓
▓<...))....'††.).'_______________


You could see 3 orc warriors, an orc priest and an orc.

Vanquished Creatures
  A dire elephant (D)
  An unseen horror (D)
  7 elephants (D)
  A spiny frog (D)
  A komodo dragon (D)
  A rime drake (D)
  3 hippogriffs (D)
  A vampire mosquito (D)
  2 water moccasins (D)
  6 porcupines (D)
  2 orc warriors (D)
  An ogre (D)
  4 crocodiles (D)
  2 bullfrogs (D)
  A killer bee (D)
  An orc priest (D)
  2 orc wizards (D)
  An iguana (D)
  3 adders (D)
  An ooze (D)
  An adder skeleton (D)
  6 orcs (D)
  A giant cockroach (D)
  A goblin (D)
  A frilled lizard (D)
  2 kobolds (D)
  A rat (D)
55 creatures vanquished.

Notes
Turn   | Place    | Note
-------+----------+-------------------------------------------
     0 | D        | MordorOrchid the Minotaur Transmuter began the quest for
                  | the Orb.
     0 | D        | Reached XP level 1. HP: 16/16 MP: 1/1
    23 | D        | Reached skill level 1 in Armour
    26 | D        | Reached skill level 4 in Unarmed Combat
    66 | D        | Noticed an iguana
    66 | D        | Noticed an orc priest
    73 | D        | Killed an iguana
    73 | D        | Reached skill level 5 in Unarmed Combat
    73 | D        | Reached XP level 2. HP: 24/26 MP: 0/3
    73 | D        | Reached XP level 3. HP: 28/31 MP: 0/4
    82 | D        | Reached skill level 6 in Unarmed Combat
    82 | D        | Reached XP level 4. HP: 7/40 MP: 0/5
    93 | D        | Found a roughly hewn altar of Beogh.
    93 | D        | Found a snail-covered altar of Cheibriados.
    93 | D        | Found a shadowy altar of Dithmenos.
    93 | D        | Found a white marble altar of Elyvilon.
    93 | D        | Found a blossoming altar of Fedhas.
    93 | D        | Found an opulent altar of Gozag.
    94 | D        | Found a hazy altar of Hepliaklqana.
    95 | D        | Found a viscous altar of Jiyva.
    96 | D        | Found an ancient bone altar of Kikubaaqudgha.
    97 | D        | Found a corrupted altar of Lugonu.
    98 | D        | Found a burning altar of Makhleb.
    99 | D        | Found a sparkling altar of Nemelex Xobeh.
   100 | D        | Found an iron altar of Okawaru.
   101 | D        | Found a stormy altar of Qazlal.
   102 | D        | Found a sacrificial altar of Ru.
   103 | D        | Found a shimmering blue altar of Sif Muna.
   104 | D        | Found a bloodstained altar of Trog.
   105 | D        | Found a hide-covered altar of Uskayaw.
   106 | D        | Found a radiant altar of Vehumet.
   107 | D        | Found an ornate altar of the Wu Jian Council.
   108 | D        | Found a shimmering altar of Xom.
   109 | D        | Found a basalt altar of Yredelemnul.
   110 | D        | Found a glowing silver altar of Zin.
   111 | D        | Became a worshipper of Sif Muna the Loreminder
   112 | D        | Found a glowing golden altar of the Shining One.
   289 | D        | Learned a level 4 spell: Ice Form
   290 | D        | Noticed an ogre
   290 | D        | Noticed a water moccasin
   295 | D        | Reached skill level 1 in Evocations
   302 | D        | Reached * piety under Sif Muna
   311 | D        | Killed an ogre
   311 | D        | Reached XP level 5. HP: 18/46 MP: 5/8
   315 | D        | Killed a water moccasin
   315 | D        | Reached ** piety under Sif Muna
   315 | D        | Reached XP level 6. HP: 11/52 MP: 6/11
   391 | D        | Learned a level 2 spell: Sticks to Snakes
   503 | D        | Noticed a hippogriff
   503 | D        | Noticed a vampire mosquito
   503 | D        | Noticed an orc warrior
   508 | D        | Killed a hippogriff
   508 | D        | Reached skill level 5 in Fighting
   508 | D        | Reached skill level 5 in Armour
   508 | D        | Reached skill level 8 in Unarmed Combat
   508 | D        | Reached skill level 1 in Ice Magic
   513 | D        | Killed an unseen horror
   513 | D        | Reached skill level 5 in Invocations
   513 | D        | Reached XP level 7. HP: 32/68 MP: 7/12
   522 | D        | Killed a vampire mosquito
   522 | D        | Reached *** piety under Sif Muna
   522 | D        | Reached XP level 8. HP: 38/74 MP: 2/13
   529 | D        | Reached skill level 5 in Transmutations
   739 | D        | Learned a level 3 spell: Spider Form
   764 | D        | Noticed a spiny frog
   764 | D        | Noticed a hippogriff
   769 | D        | Killed a spiny frog
   769 | D        | Reached **** piety under Sif Muna
   769 | D        | Reached skill level 9 in Unarmed Combat
   769 | D        | Noticed a komodo dragon
   785 | D        | Killed a hippogriff
   785 | D        | Reached skill level 10 in Unarmed Combat
   785 | D        | Reached XP level 9. HP: 51/82 MP: 11/15
   787 | D        | Reached ***** piety under Sif Muna
   787 | D        | Reached skill level 5 in Spellcasting
   793 | D        | Killed a komodo dragon
   793 | D        | Identified Sif Muna's Disquisition on Summoning and
                  | Dislocation (Sif Muna gifted it to you in the Dungeon)
   793 | D        | Received a gift from Sif Muna
   979 | D        | Noticed a rime drake
   988 | D        | Reached skill level 11 in Unarmed Combat
   993 | D        | Killed a rime drake
  1173 | D        | Noticed an elephant
  1173 | D        | Noticed an elephant
  1173 | D        | Noticed a dire elephant
  1173 | D        | Noticed an elephant
  1173 | D        | Noticed an elephant
  1173 | D        | Noticed an elephant
  1178 | D        | Killed an elephant
  1178 | D        | Identified Sif Muna's Papyrus of Air and Fire (Sif Muna
                  | gifted it to you in the Dungeon)
  1178 | D        | Received a gift from Sif Muna
  1178 | D        | Reached skill level 12 in Unarmed Combat
  1195 | D        | Learned a level 3 spell: Mephitic Cloud
  1202 | D        | Killed a dire elephant
  1202 | D        | Reached skill level 10 in Dodging
  1202 | D        | Reached XP level 10. HP: 22/90 MP: 12/17
  1388 | D        | Killed an elephant
  1402 | D        | Killed an elephant
  1418 | D        | Killed an elephant
  1430 | D        | Noticed an elephant
  1444 | D        | Killed an elephant
  1459 | D        | HP: 4/91 [elephant (11)]
  1465 | D        | Killed an elephant
  1465 | D        | Reached skill level 13 in Unarmed Combat
  1465 | D        | Reached skill level 5 in Ice Magic
  1473 | D        | Noticed an elephant
  1491 | D        | Killed an elephant
  1729 | D        | Identified Raost's Guide on the Compass and Shape Shifting
                  | (Sif Muna gifted it to you in the Dungeon)
  1729 | D        | Received a gift from Sif Muna
  1747 | D        | Reached skill level 10 in Armour
  1755 | D        | Killed from afar by an orc priest

Levels and vault maps discovered:
D:        linesprint [early_d, line_temple, items_1, d_10, items_2, lair_1,
          lair_end, items_3, orc_1, orc_end, items_4, d_15, swamp_1, shoals_1,
          snake_1, spider_1, d_20, vaults_1, items_5, swamp_end, shoals_end,
          snake_end, spider_end, vaults_end, d_27, items_6, zot_1, zot_end,
          crypt_end, forest_end, elf_end, slime_end, tomb_end, abyss_end,
          pan_hell_end]

Skill      XL: |  1  2  3  4  5  6  7  8  9 10 |
---------------+-------------------------------+-----
Armour         | 3 5 6 8 10 | 10.0
Fighting       | 3 4 8 9 |  9.4
Unarmed Combat | 5 6 8 10 12 13 | 13.1
Dodging        | 3 6 7 8 10 11 | 11.0
Evocations     | 4 6 |  6.1
Transmutations | 3 4 6 7 |  7.0
Spellcasting   | 3 4 5 6 |  6.0
Ice Magic      | 4 5 |  5.0
Invocations    | 5 6 |  6.9
Conjurations   | 2 3 |  3.4
Air Magic      | 2 3 |  3.4
Poison Magic   | 2 |  2.6

Action                   |  1- 3 |  4- 6 |  7- 9 | 10-12 || total
-------------------------+-------+-------+-------+-------++-------
Melee: Unarmed           |    22 |    25 |    71 |    89 ||   207
       Kick              |     6 |     5 |     1 |     9 ||    21
       Headbutt          |       |     6 |       |    15 ||    21
       Punch             |       |       |       |     3 ||     3
 Cast: Beastly Appendage |     2 |     2 |       |     2 ||     6
       Sticks to Snakes  |       |     2 |     3 |       ||     5
       Ice Form          |       |       |     4 |     1 ||     5
       Spellforged Servi |       |       |     1 |       ||     1
       Mephitic Cloud    |       |       |       |     1 ||     1
Invok: Divine Exegesis   |       |       |     1 |       ||     1
 Abil: End Transformatio |       |       |     1 |       ||     1
Evoke: Wand              |       |     2 |     1 |     1 ||     4
  Use: Potion            |     2 |     1 |     1 |     2 ||     6
 Stab: Invisible         |       |     5 |       |       ||     5
       Confused          |       |       |       |     2 ||     2
  Eat: Chunk             |       |       |     5 |       ||     5
       Ration            |       |       |       |     1 ||     1
Armor: Robe              |     2 |     1 |       |       ||     3
       Skin              |       |       |     8 |     7 ||    15
       Plate armour      |       |       |       |     8 ||     8
       Leather armour    |       |       |       |     3 ||     3
Dodge: Dodged            |     6 |    12 |    35 |    53 ||   106

Table legend:
 A = Non-vault XP
 B = Vault XP
 C = Vault XP percentage of total XP
 D = Non-vault monster count
 E = Vault monster count
 F = Vault count percentage of total count
                 A         B        C        D         E       F
            +---------+---------+-------+---------+---------+-------
      Total |       0 |    9942 | 100.0 |       0 |      55 | 100.0
            +---------+---------+-------+---------+---------+-------
          D |       0 |    9942 | 100.0 |       0 |      55 | 100.0
            +---------+---------+-------+---------+---------+-------
